 Dungeon Crawl Stone Soup version 0.24-a0-269-g32ec7ca (webtiles) character file.

Game seed: 3405823133844694469

6265 Firecrotchwizard the Destroyer (level 10, 0/86 HPs)
             Began as a White Draconian Fire Elementalist on Apr 23, 2019.
             Was a Priest of Vehumet.
             Killed by vampiric draining
             ... invoked by a vampire
              (9 damage)
             ... on level 9 of the Dungeon.
             The game lasted 00:30:47 (12805 turns).

Firecrotchwizard the Destroyer (DrFE)              Turns: 12805, Time: 00:30:48

Health: 0/86       AC: 10    Str: 11    XL:     10   Next: 62%
Magic:  0/21       EV: 12    Int: 18    God:    Vehumet [***...]
Gold:   455        SH:  0    Dex: 12    Spells: 10/23 levels left

rFire    + . .     SeeInvis .   n - +0 dagger (elec)
rCold    + . .     Gourm    .   (no shield)
rNeg     . . .     Faith    +   (armour unavailable)
rPois    .         Spirit   .   (helmet restricted)
rElec    .         Reflect  .   (no cloak)
rCorr    .         Harm     .   (no gloves)
MR       .....                  s - +2 pair of boots (curse)
Stlth    ++........             A - amulet of faith {Faith, !P}
HPRegen  0.24/turn              o - ring of wizardry {Wiz+, !d}
MPRegen  0.17/turn              x - ring of protection from fire {rF+, !d}

@: no status effects
A: breathe frost, unfitting armour, cold resistance 1, cold-blooded, AC +7
a: Breathe Frost, Renounce Religion


You were on level 9 of the Dungeon.
You worshipped Vehumet.
Vehumet was most pleased with you.
You were not hungry.

You visited 2 branches of the dungeon, and saw 10 of its levels.
You also visited: Bailey.

You collected 455 gold pieces.

Inventory:

Hand Weapons
 l - a +2 dagger of holy wrath
   (You found it on level 8 of the Dungeon)
 n - a +0 dagger of electrocution (weapon)
   (You took it off an orc wizard on level 6 of the Dungeon)
 C - a +2 trident of holy wrath
   (You found it on level 6 of the Dungeon)
Armour
 s - a cursed +2 pair of boots (worn)
   (You found it on level 4 of the Dungeon)
Magical Staves
 a - an uncursed staff of death {rN+}
   (You found it on level 7 of the Dungeon)
 F - an uncursed staff of earth {unknown}
   (You found it on level 9 of the Dungeon)
Jewellery
 e - an uncursed ring of protection from cold {rC+, !d}
   (You found it on level 1 of the Dungeon)
 o - a ring of wizardry (left hand) {Wiz+, !d}
   (You found it on level 2 of the Dungeon)
 x - a ring of protection from fire (right hand) {rF+, !d}
   (You found it on level 5 of the Dungeon)
 A - an amulet of faith (around neck) {Faith, !P}
   (You found it on level 8 of the Dungeon)
 B - an uncursed ring of ice {rC+, rF-}
   (You found it on level 8 of the Dungeon)
Wands
 m - a wand of enslavement (7)
   (You found it on level 8 of the Dungeon)
 y - a wand of iceblast (6)
   (You found it on level 5 of the Dungeon)
 I - a wand of flame (18)
   (You took it off an orc on level 9 of the Dungeon)
Scrolls
 d - 2 scrolls of teleportation
 g - 8 scrolls of remove curse
 p - 2 scrolls of enchant armour
 r - 7 scrolls of identify
 u - 3 scrolls of amnesia
 v - a scroll of fog
Potions
 c - 2 potions of might {unknown}
 f - 5 potions of curing
 h - a potion of berserk rage {unknown}
 i - 5 potions of degeneration {unknown}
 j - 2 potions of flight {unknown}
 k - 3 potions of agility {unknown}
 q - 3 potions of magic {unknown}
 t - 5 potions of mutation {unknown}
 w - a potion of invisibility {unknown}
 z - a potion of lignification {unknown}
 D - a potion of haste
 E - 3 potions of heal wounds {unknown}
 H - a potion of resistance {unknown}
Comestibles
 b - 21 rations
 G - 8 chunks of flesh {@w0}


   Skills:
 * Level 7.2 Fighting
 - Level 1.9 Dodging
 - Level 2.0 Stealth
 - Level 7.4 Spellcasting
 + Level 11.7 Conjurations
 - Level 3.9 Fire Magic


You had 10 spell levels left.
You knew the following spells:

 Your Spells              Type           Power        Failure   Level  Hunger
a - Flame Tongue          Conj/Fire      ####.        1%          1    None
c - Conjure Flame         Conj/Fire      ####....     1%          3    #......
f - Fireball              Conj/Fire      ####......   1%          5    #####..
s - Sticky Flame          Conj/Fire      ####....     1%          4    ###....

Your spell library contained the following spells:

 Spells                   Type           Power        Failure   Level  Hunger
 Static Discharge         Conj/Air       ####....     1%          3    #......
 Throw Flame              Conj/Fire      ####..       1%          2    None
 Inner Flame              Hex/Fire       ##......     1%          3    #......


Dungeon Overview and Level Annotations

Branches:
Dungeon (9/15)             Temple (1/1) D:7
   Lair: D:8-11         Orc: D:9-12

Altars:
Ashenzari
Cheibriados
Dithmenos
Elyvilon
Fedhas
Gozag
Hepliaklqana
Kikubaaqudgha
Makhleb
Nemelex Xobeh
Okawaru
Qazlal
Ru
Sif Muna
Trog
Uskayaw
Vehumet
Wu Jian
Xom
Yredelemnul
Zin
The Shining One

Annotations:
D:2 exclusion: Sigmund, Sigmund
D:5 exclusion: ogre
D:8 exclusions: killer bee and moth of wrath


Innate Abilities, Weirdness & Mutations

You can breathe waves of freezing cold.
You can buffet flying creatures when you breathe cold.
Your icy white scales are hard. (AC +7)
You cannot fit into any form of body armour.
Your flesh is cold resistant. (rC+)
You are cold-blooded and may be slowed by cold attacks.


Message History

The flame tongue misses the orc warrior.
You now have 19/21 mp.
Aim: an orc warrior, wielding a +0 dire flail and wearing a +0 chain mail The flame tongue hits the orc warrior.
You now have 18/21 mp.
Aim: an orc warrior, wielding a +0 dire flail and wearing a +0 chain mail (lightly wounded)
The fireball explodes!
The fireball engulfs the orc warrior!
The bullfrog hits you.
You take 1 damage, and have 85/86 hp.
You now have 13/21 mp.
Aim: an orc warrior, wielding a +0 dire flail and wearing a +0 chain mail (severely wounded)
The sticky flame hits the orc warrior.
The orc warrior is covered in liquid flames!
The orc warrior burns!
The bullfrog hits you. The orc warrior barely misses you.
The bullfrog releases a deep croak.
The bullfrog hits you but does no damage.
You take 2 damage, and have 83/86 hp.
You now have 9/21 mp.
You barely miss the bullfrog.
The orc warrior burns!
You kill the orc warrior!
Vehumet accepts your kill.
The bullfrog hits you but does no damage.
You barely miss the bullfrog.
The bullfrog hits you but does no damage. x2
You hit the bullfrog. The bullfrog closely misses you.
You hit the bullfrog. The bullfrog barely misses you.
The bullfrog hits you but does no damage.
You closely miss the bullfrog. The bullfrog hits you!
You take 7 damage, and have 77/86 hp.
You hit the bullfrog. Lightning courses through the bullfrog!
The bullfrog hits you but does no damage.
The bullfrog misses you.
You closely miss the bullfrog.
The bullfrog hits you but does no damage.
You miss the bullfrog. The bullfrog hits you.
The vampire gestures wildly while chanting.
The vampire flickers and vanishes!
Deactivating autopickup; reactivate with Ctrl-A.
The bullfrog hits you!
You take 10 damage, and have 67/86 hp.
You closely miss the bullfrog. The bullfrog barely misses you.
You hit the bullfrog. The bullfrog hits you!
The bullfrog swells and bulges.
The bullfrog hits you.
You take 10 damage, and have 58/86 hp.
You closely miss the bullfrog.
You tail-slap the bullfrog, but do no damage.
The bullfrog closely misses you.
You hit the bullfrog. Lightning courses through the bullfrog!
You kill the bullfrog!
Vehumet accepts your kill.
You feel your power returning. Something hits you! Something barely misses you.
You take 9 damage, and have 49/86 hp.
You regained 2 mp, and now have 13/21 mp.
Okay, then.
The sticky flame hits something.
The vampire is covered in liquid flames!
The vampire burns!
The vampire barely misses you. The vampire bites you!
The vampire draws strength from your injuries!
You take 6 damage, and have 43/86 hp.
You now have 9/21 mp.
Aim: a vampire (slightly transparent, covered in liquid flames)
The flame tongue hits the vampire.
The vampire burns!
The vampire hits you! The vampire completely misses you.
You take 12 damage, and have 31/86 hp.
You now have 8/21 mp.
Aim: a vampire (moderately damaged, slightly transparent, covered in liquid flames)
The flame tongue hits the vampire but does no damage.
The vampire burns!
The vampire hits you but does no damage.
The vampire bites you.
The vampire draws strength from your injuries!
You take 4 damage, and have 27/86 hp.
You now have 7/21 mp.
Aim: a vampire (moderately damaged, slightly transparent, covered in liquid flames)
The flame tongue hits the vampire.
The vampire burns!
The vampire hits you.
* * * LOW HITPOINT WARNING * * *
The vampire bites you.
* * * LOW HITPOINT WARNING * * *
The vampire draws strength from your injuries!
You take 7 damage, and have 20/86 hp.
You now have 6/21 mp.
You don't know that spell.
Aim: a vampire (moderately damaged, slightly transparent, covered in liquid flames)
The flame tongue misses the vampire.
The vampire burns!
The vampire hits you but does no damage.
The vampire bites you.
* * * LOW HITPOINT WARNING * * *
The vampire draws strength from your injuries!
You take 3 damage, and have 17/86 hp.
You now have 5/21 mp.
Aim: a vampire (heavily damaged, slightly transparent, covered in liquid flames)
The flame tongue hits the vampire but does no damage.
The vampire burns!
The vampire barely misses you. The vampire closely misses you.
Aim: a vampire (heavily damaged, slightly transparent, covered in liquid flames)
The flame tongue hits the vampire but does no damage.
The vampire burns!
Something hits you but does no damage. Something bites you!
* * * LOW HITPOINT WARNING * * *
Something draws strength from your injuries!
You take 8 damage, and have 9/86 hp.
You now have 4/21 mp.
The sticky flame hits something but does no damage.
The vampire is covered in liquid flames!
The vampire burns!
The vampire is infused with unholy energy.
You die...

########## ####..#
#........# ##....##
#.......(####..####
..####.............######
..........(..#.....#....
#....................
##...)...............
######÷###............
#...†@................
P.....V...##............
.P........##.<.....[)...
.PP...............).....
............##...∩[.....
P...............)#..####
.P)...<...########...#..
..........# ####.....# ..
#.....##.#


You could see a vampire (burning).

Vanquished Creatures
  2 hippogriffs (D:7)
  A human (D:7)
  3 hogs (D:7)
  A yak (D:7)
  A porcupine (D:9)
  4 orc warriors
  3 sky beasts
  A black bear (D:9)
  3 phantoms
  6 ogres
  4 centaurs
  8 bullfrogs
  A gnoll sergeant (D:6)
  2 scorpions
  10 killer bees
  A howler monkey (D:6)
  5 wights (D:6)
  6 crimson imps
  2 bullfrog zombies
  2 quasits
  3 hounds
  2 jellies
  A centaur skeleton (D:6)
  A gnoll shaman (D:6)
  6 orc priests
  2 iguanas
  14 orc wizards
  6 worker ants
  Natasha (thrice) (D:2)
  A killer bee zombie (D:7)
  A worker ant zombie (D:5)
  20 gnolls
  10 adders
  2 shadow imps
  An ooze (D:3)
  A dart slug (D:1)
  6 leopard geckos
  54 orcs
  6 giant cockroaches
  3 goblins
  18 hobgoblins
  12 kobolds
  7 quokkas
  2 ball pythons
  16 bats
  2 frilled lizards
  2 leopard gecko zombies (D:6)
  A quokka skeleton (D:6)
  9 rats
278 creatures vanquished.

Vanquished Creatures (others)
  4 fungi (D:9)
  2 plants (D:9)
6 creatures vanquished.

Grand Total: 284 creatures vanquished

Notes
Turn   | Place    | Note
-------+----------+-------------------------------------------
     0 | D:1      | Firecrotchwizard the Draconian Fire Elementalist began the
                  | quest for the Orb.
     0 | D:1      | Reached XP level 1. HP: 14/14 MP: 3/3
   219 | D:1      | Reached skill level 2 in Stealth
   219 | D:1      | Reached XP level 2. HP: 18/20 MP: 3/5
  1081 | D:2      | Found a snail-covered altar of Cheibriados.
  1114 | D:2      | Reached XP level 3. HP: 20/26 MP: 1/6
  1125 | D:2      | Reached skill level 2 in Conjurations
  1299 | D:2      | Noticed Natasha
  1303 | D:2      | Killed Natasha
  1549 | D:2      | Noticed Sigmund
  1624 | D:2      | Noticed Natasha
  1630 | D:2      | Killed Natasha
  1630 | D:2      | Reached XP level 4. HP: 25/33 MP: 2/8
  2002 | D:2      | Learned a level 3 spell: Conjure Flame
  2007 | D:2      | Learned a level 4 spell: Sticky Flame
  2019 | D:2      | Noticed Natasha
  2032 | D:2      | Killed Natasha
  2032 | D:2      | Reached skill level 3 in Conjurations
  2460 | D:3      | Reached XP level 5. HP: 30/38 MP: 6/9
  2473 | D:3      | Reached skill level 3 in Spellcasting
  2677 | D:3      | Reached skill level 4 in Fire Magic
  2678 | D:3      | HP: 7/38 [gnoll/+0 spear (8)]
  3098 | D:3      | Reached skill level 4 in Conjurations
  3340 | D:3      | Found a stormy altar of Qazlal.
  3409 | D:3      | Reached XP level 6. HP: 41/45 MP: 10/10
  3453 | D:3      | Found a glowing golden altar of the Shining One.
  3454 | D:3      | Found a glowing silver altar of Zin.
  3455 | D:3      | Found a white marble altar of Elyvilon.
  4047 | D:4      | Reached skill level 5 in Conjurations
  4207 | D:4      | Found an iron altar of Okawaru.
  4211 | D:4      | Found an ancient bone altar of Kikubaaqudgha.
  4304 | D:4      | Your scales start taking on an icy white colour.
  4304 | D:4      | Reduced skill Fire Magic to level 3
  4304 | D:4      | Reached XP level 7. HP: 50/50 MP: 0/12
  4304 | D:4      | Gained mutation: Your flesh is cold resistant. (rC+) [White
                  | Draconian growth]
  4462 | D:4      | Found a basalt altar of Yredelemnul.
  4495 | D:4      | Found a sacrificial altar of Ru.
  4517 | D:5      | Entered Level 5 of the Dungeon
  4621 | D:5      | Reached skill level 4 in Spellcasting
  4833 | D:5      | Reached skill level 6 in Conjurations
  5525 | D:5      | Reached XP level 8. HP: 57/57 MP: 7/15
  5632 | D:5      | Learned a level 5 spell: Fireball
  5636 | D:5      | Reached skill level 5 in Spellcasting
  5636 | D:5      | Reached skill level 7 in Conjurations
  6290 | D:6      | Reached skill level 8 in Conjurations
  6991 | D:6      | Reached skill level 6 in Spellcasting
  7246 | D:6      | Reached skill level 9 in Conjurations
  7250 | D:6      | Reached XP level 9. HP: 20/62 MP: 8/18
  7270 | D:6      | Found an ornate altar of the Wu Jian Council.
  8544 | D:7      | Found a staircase to the Ecumenical Temple.
  8552 | D:7      | Reached skill level 10 in Conjurations
  8580 | Temple   | Entered the Ecumenical Temple
  8691 | Temple   | Became a worshipper of Vehumet
  8845 | D:7      | Reached skill level 7 in Spellcasting
  9161 | D:7      | Reached * piety under Vehumet
  9161 | D:7      | Offered knowledge of Sandblast by Vehumet.
  9580 | D:7      | Found a deep blue altar of Sif Muna.
  9907 | D:7      | Reached skill level 1 in Fighting
  9922 | D:7      | Reached skill level 2 in Fighting
  9922 | D:7      | Reached skill level 11 in Conjurations
  9925 | D:7      | Reached XP level 10. HP: 74/74 MP: 0/21
  9927 | D:7      | Reached skill level 3 in Fighting
 10470 | D:8      | Reached skill level 4 in Fighting
 10721 | D:8      | Noticed a moth of wrath
 10724 | D:8      | Found a bloodstained altar of Trog.
 11252 | D:8      | Found a hide-covered altar of Uskayaw.
 11310 | D:8      | Offered knowledge of Sting by Vehumet.
 11310 | D:8      | Reached skill level 5 in Fighting
 11427 | D:8      | Reached ** piety under Vehumet
 11833 | D:9      | Found a flagged portal.
 11875 | D:9      | Reached skill level 6 in Fighting
 11972 | D:9      | HP: 15/83 [vampire (6)]
 11981 | D:9      | HP: 14/83 [something/puff of flame (5)]
 12085 | D:9      | Offered knowledge of Static Discharge by Vehumet.
 12303 | Bailey   | Entered a bailey
 12404 | Bailey   | Reached *** piety under Vehumet
 12615 | Bailey   | Noticed an orc knight
 12708 | D:9      | Reached skill level 7 in Fighting
 12801 | D:9      | HP: 20/86 [vampire (4)]
 12804 | D:9      | HP: 9/86 [something (8)]
 12805 | D:9      | Killed from afar by a vampire

Levels and vault maps discovered:
D:1:      dpeg_arrival_rooms_c, layout_loops_cross
D:2:      layout_basic, lemuel_crystal_altar, uniq_natasha, uniq_sigmund
D:3:      layout_basic, good_gods_temple_1, grunt_qazlal_clouds,
          portal_sewer_entry_d
D:4:      layout_rooms, minitemple, kennysheep_little_box, hex_medium,
          nicolae_ru_path_of_blood
D:5:      layout_basic, first_ration
D:6:      minmay_thinvault, layout_basic, lemuel_crystal_altar,
          supply_closet_lemuel, minmay_crystal_room
D:7:      layout_basic, lemuel_crystal_altar, minmay_temple_entry_slanted,
          grunt_livestock, hangedman_decor_push, eino_tiny_chamber
D:8:      layout_gridville, tgw_trog, eat_drink_and_be_merry_uskayaw,
          grunt_decor_fettered, kennysheep_generic_room_15
D:9:      layout_rooms, grunt_lair_entry_orc_guard_hut, enter_bailey_1,
          doesnt_xom_only_xom
Temple:   jpeg_temple_island
Bailey:   bailey_axe_2, bailey

Skill      XL: |  1  2  3  4  5  6  7  8  9 10 |
---------------+-------------------------------+-----
Stealth        | 2 |  2.0
Conjurations   | 2 3 4 5 6 9 11 | 11.7
Spellcasting   | 3 4 6 7 |  7.4
Fire Magic     | 4 3 |  3.9
Fighting       | 2 7 |  7.2
Dodging        | |  1.9

Action                   |  1- 3 |  4- 6 |  7- 9 | 10-12 || total
-------------------------+-------+-------+-------+-------++-------
Melee: Whip              |   104 |   158 |   113 |       ||   375
       Tailslap          |    13 |    13 |    23 |    21 ||    70
       Dagger            |       |       |   152 |   189 ||   341
       Trident           |       |       |    10 |       ||    10
       Spear             |       |       |     7 |       ||     7
 Cast: Flame Tongue      |    25 |    70 |   176 |   104 ||   375
       Sticky Flame      |       |     2 |    24 |    16 ||    42
       Conjure Flame     |       |       |     2 |       ||     2
       Fireball          |       |       |     1 |     5 ||     6
 Abil: Breathe Frost     |       |       |     1 |       ||     1
Evoke: Wand              |       |       |     1 |     3 ||     4
  Use: Scroll            |       |     4 |     6 |     2 ||    12
       Potion            |       |       |       |     1 ||     1
 Stab: Sleeping          |       |     1 |     6 |     1 ||     8
  Eat: Chunk             |     2 |    10 |    20 |    11 ||    43
       Ration            |       |       |     1 |       ||     1
Armor: Skin              |    59 |    86 |   146 |   123 ||   414
Dodge: Dodged            |   101 |   165 |   235 |   192 ||   693

Table legend:
 A = Non-vault XP
 B = Vault XP
 C = Vault XP percentage of total XP
 D = Non-vault monster count
 E = Vault monster count
 F = Vault count percentage of total count
                 A         B        C        D         E       F
            +---------+---------+-------+---------+---------+-------
      Total |    6756 |    2195 |  24.5 |     237 |      41 |  14.7
            +---------+---------+-------+---------+---------+-------
        D:1 |      38 |       0 |   0.0 |      23 |       0 |   0.0
        D:2 |     108 |      33 |  23.4 |      15 |       1 |   6.2
        D:3 |     312 |      13 |   4.0 |      45 |       1 |   2.2
        D:4 |     297 |       0 |   0.0 |       6 |       0 |   0.0
        D:5 |    1039 |       0 |   0.0 |      18 |       0 |   0.0
        D:6 |    1330 |     533 |  28.6 |      36 |      11 |  23.4
        D:7 |    1451 |    1002 |  40.8 |      43 |       5 |  10.4
        D:8 |    1015 |      46 |   4.3 |      19 |       1 |   5.0
        D:9 |    1166 |     450 |  27.8 |      32 |       4 |  11.1
     Bailey |       0 |     118 | 100.0 |       0 |      18 | 100.0
            +---------+---------+-------+---------+---------+-------

Levels and vault maps discovered:
D:1:      dpeg_arrival_rooms_c, layout_loops_cross
D:2:      layout_basic, lemuel_crystal_altar, uniq_natasha, uniq_sigmund
D:3:      layout_basic, good_gods_temple_1, grunt_qazlal_clouds,
          portal_sewer_entry_d
D:4:      layout_rooms, minitemple, kennysheep_little_box, hex_medium,
          nicolae_ru_path_of_blood
D:5:      layout_basic, first_ration
D:6:      minmay_thinvault, layout_basic, lemuel_crystal_altar,
          supply_closet_lemuel, minmay_crystal_room
D:7:      layout_basic, lemuel_crystal_altar, minmay_temple_entry_slanted,
          grunt_livestock, hangedman_decor_push, eino_tiny_chamber
D:8:      layout_gridville, tgw_trog, eat_drink_and_be_merry_uskayaw,
          grunt_decor_fettered, kennysheep_generic_room_15
D:9:      layout_rooms, grunt_lair_entry_orc_guard_hut, enter_bailey_1,
          doesnt_xom_only_xom
Temple:   jpeg_temple_island
Bailey:   bailey_axe_2, bailey

Table legend:
 A = Turns spent in this place as a percentage of turns spent in the entire game.
 B = Non-inter-level travel turns spent in this place as a percentage of non-inter-level travel turns spent in the entire game.
 C = Inter-level travel turns spent in this place as a percentage of turns spent in this place.
 D = Turns resting spent in this place as a percentage of non-inter-level travel turns spent in this place.
 E = Turns spent auto-exploring this place as a percentage of non-inter-level travel turns spent in this place.
 F = Non-inter-level travel turns spent in this place divided by the number of levels of this place that you've seen.
                   A       B       C       D       E      F
               +-------+-------+-------+-------+-------+----------------------
         Total | 100.0 | 100.0 |   2.4 |  44.8 |  35.8 | 1135.7
       Dungeon |  96.4 |  96.4 |   2.4 |  44.4 |  36.5 | 1338.7
        Temple |   1.0 |   0.9 |   9.7 |  50.9 |  42.0 | 112.0
        Bailey |   2.6 |   2.7 |   0.0 |  57.4 |   8.1 | 333.0
               +-------+-------+-------+-------+-------+----------------------

Table legend:
 A = Kills in this place as a percentage of kills in entire the game.
 B = Kills by you in this place as a percentage of kills by you in the entire game.
 C = Kills by friends in this place as a percentage of kills by friends in the entire game.
 D = Other kills in this place as a percentage of other kills in the entire game.
 E = Experience gained in this place as a percentage of experience gained in the entire game.
 F = Experience gained in this place divided by the number of levels of this place that you have seen.
                   A       B       C       D       E      F
               +-------+-------+-------+-------+-------+----------------------
         Total | 100.0 | 100.0 |   N/A |   N/A | 100.0 | 813.7
       Dungeon |  93.5 |  93.5 |   N/A |   N/A |  98.7 | 981.4
        Bailey |   6.5 |   6.5 |   N/A |   N/A |   1.3 | 118.0
               +-------+-------+-------+-------+-------+----------------------
